 Dungeon Crawl Stone Soup version 0.30-a0-223-gcb0039aa0c (webtiles) character file.

Game seed: 15108687989575289394

488 glaedl the Trooper (level 7, -10/44 HPs)
             Began as a Gargoyle Berserker on Oct 9, 2022.
             Was a Priest of Trog.
             Mangled by an orc warrior
             ... wielding a +0 trident
              (16 damage)
             ... on level 5 of the Dungeon.
             The game lasted 00:08:10 (3276 turns).

glaedl the Trooper (Gargoyle Berserker)             Turns: 3276, Time: 00:08:12

Health: -10/44     AC:  8    Str: 22    XL:     7   Next: 13%
Magic:  7/7        EV: 12    Int:  8    God:    Trog [***...]
Gold:   122        SH:  2    Dex:  9    Spells: 6/6 levels left

rFire   . . .      SeeInvis .    o - +0 flail (holy)
rCold   . . .      Faith    .    d - +0 buckler
rNeg    + . .      Spirit   .    b - +0 animal skin
rPois   ∞          Reflect  .    (no helmet)
rElec   +          Harm     .    (no cloak)
rCorr   .          Rampage  .    (no gloves)
Will    ++...                    c - +0 pair of boots
Stlth   +.........               (no amulet)
HPRegen 1.27/turn                (no ring)
MPRegen 0.10/turn                (no ring)

@: strong-willed, on berserk cooldown, regenerating, slowed, very slow
A: sickness immunity, AC +4, negative energy resistance 1, electricity
resistance, torment resistance 1, petrification resistance
a: Renounce Religion, Berserk, Trog's Hand


You were on level 5 of the Dungeon.
You worshipped Trog.
Trog was most pleased with you.
You visited 1 branch of the dungeon, and saw 5 of its levels.

You collected 185 gold pieces.
You spent 63 gold pieces at shops.

Inventory:

Hand Weapons
 o - a +0 flail of holy wrath (weapon)
Armour
 b - a +0 animal skin (worn)
 c - a +0 pair of boots (worn)
 d - a +0 buckler (worn)
Wands
 r - a wand of acid (9)
Scrolls
 a - 2 scrolls of teleportation {unknown}
 e - 2 scrolls of fog
 j - 4 scrolls of identify
 l - a scroll of vulnerability
 m - a scroll of noise {unknown}
 q - a scroll of immolation {unknown}
 s - a scroll of blinking {unknown}
Potions
 f - 2 potions of curing {unknown}
 g - a potion of mutation {unknown}
 h - a potion of haste {unknown}
 i - 2 potions of heal wounds {unknown}
 k - a potion of cancellation {unknown}
 n - a potion of attraction {unknown}
 p - a potion of might {unknown}
 t - 2 potions of magic {unknown}


   Skills:
 + Level 5.1 Fighting
 + Level 4.6 Maces & Flails
 + Level 4.4 Armour
 + Level 3.3 Dodging


You had 6 spell levels left.
You didn't know any spells.
Your spell library was empty.

Dungeon Overview and Level Annotations

Branches:
Dungeon (5/15)
 Temple: D:4-7

Altars:

Shops:
D:4 [


Innate Abilities, Weirdness & Mutations

You are immune to sickness and miasma.
Your stone body is resilient. (AC +4)
You are immune to poison.
You resist negative energy. (rN+)
You are resistant to electric shocks. (rElec)
You are resistant to unholy torment.
You are immune to petrification.


Message History

You hit the orc warrior.
The orc warrior is lightly wounded.
You barely miss the orc warrior.
The orc warrior is lightly wounded.
The orc wizard casts a spell.
The orc wizard flickers and vanishes!
The orc warrior hits you with a +0 trident.
Something hits you but does no damage.
You hear some strange, mumbled words.
A magic dart appears from out of thin air!
The magic dart hits you.
An adder comes into view.
You barely miss the orc warrior.
The orc warrior is lightly wounded.
The adder hisses angrily.
The orc warrior hits you with a +0 trident.
Something hits you but does no damage. Something hits you.
You sock something!
The orc warrior hits you with a +0 trident!
Something hits you but does no damage. x2
You miss something. You sock something! Trog accepts your kill.
Trog appreciates your killing of a magic user.
Reactivating autopickup.
You feel a bit more experienced.
You are no longer berserk.
You are exhausted.
You feel yourself slow down.
The orc warrior hits you with a +0 trident!
Something hits you.
Deactivating autopickup; reactivate with Ctrl-A.
The orc warrior attacks as you move away!
You block the orc warrior's attack.
The orc warrior hits you from afar with a +0 trident!
* * * LOW HITPOINT WARNING * * *
Something hits you.
* * * LOW HITPOINT WARNING * * *
The orc warrior hits you from afar with a +0 trident!
You die...

#...#######.#.###.#
#.........#.#..##.####
###....####.#.##.##.##..
............#.......##..
..............#........
........(.####.#####..
#..####.# #.# #.)
##)..!..# #.### ###
##@##### ##...#### #))#
#.......# #o#.#
#.##.##>## oo.#o# #.
#.##.<. ..Joo#o# #.
#.....# ....oSo#.# #.
####.## ....[....# #.
#.# .##.##.##. #. ..# #.
.. . ####


You could see an orc warrior, a jelly, an orc priest, an adder and 5 orcs.

Vanquished Creatures
  A black bear (D:5)
  2 ogres (D:4)
  A scorpion (D:5)
  An orc wizard (D:5)
  3 adders
  A worm (D:2)
  5 dart slugs
  13 orcs
  12 ball pythons
  7 bats
  4 endoplasms (D:4)
  5 giant cockroaches
  12 goblins
  12 hobgoblins
  4 jackals (D:4)
  3 quokkas
  4 frilled lizards
  4 kobolds
  6 rats
100 creatures vanquished.

Notes
Turn   | Place    | Note
-------+----------+-------------------------------------------
     0 | D:1      | glaedl the Gargoyle Berserker began the quest for the Orb.
     0 | D:1      | Reached XP level 1. HP: 14/14 MP: 1/1
   181 | D:1      | Reached XP level 2. HP: 18/19 MP: 2/2
   331 | D:1      | Reached XP level 3. HP: 23/23 MP: 3/3
   518 | D:1      | Reached ** piety under Trog
  1272 | D:3      | Reached XP level 4. HP: 28/29 MP: 4/4
  1602 | D:3      | Reached skill level 4 in Fighting
  1799 | D:3      | Found a faded altar of an unknown god.
  2147 | D:4      | Found Vezek's Armour Shoppe.
  2237 | D:4      | Noticed an ogre
  2243 | D:4      | Killed an ogre
  2244 | D:4      | Reached XP level 5. HP: 34/34 MP: 5/5
  2301 | D:4      | Noticed an ogre
  2342 | D:4      | Reached *** piety under Trog
  2475 | D:4      | Bought a +0 buckler for 63 gold pieces
  2558 | D:4      | Killed an ogre
  2559 | D:4      | Reached XP level 6. HP: 39/39 MP: 6/6
  2900 | D:5      | Entered Level 5 of the Dungeon
  2908 | D:5      | Noticed a black bear
  2921 | D:5      | Killed a black bear
  3087 | D:5      | Reached skill level 5 in Fighting
  3087 | D:5      | Reached XP level 7. HP: 35/44 MP: 7/7
  3276 | D:5      | Mangled by an orc warrior

Illustrated notes

Levels and vault maps discovered:
D:1:      elethiomel_arrival_infinity_welcomes_careful_drivers, layout_rooms,
          minmay_misc_feat_doors
D:2:      layout_loops_ring
D:3:      layout_basic, hellmonk_ecumenical_altar_leap_of_faith,
          minmay_goblin_kobold_house
D:4:      layout_basic, kennysheep_windowed_goal
D:5:      layout_loops_cross

Skill      XL: |  1  2  3  4  5  6 |
---------------+-------------------+-----
Dodging        | 2 3 |  3.3
Armour         | 3 4 |  4.4
Fighting       | 4 5 |  5.1
Maces & Flails | 4 |  4.6

Action                   |  1- 3 |  4- 6 |  7- 9 || total
-------------------------+-------+-------+-------++-------
Melee: Mace              |   140 |    20 |       ||   160
       Flail             |       |   154 |    16 ||   170
Invok: Berserk           |       |     3 |     1 ||     4
       Trog's Hand       |       |       |     1 ||     1
  Use: Scroll            |       |     2 |       ||     2
Armor: Animal skin       |    95 |    71 |     7 ||   173
Dodge: Dodged            |   125 |   127 |    12 ||   264
Block: Buckler           |       |     8 |     3 ||    11

Table legend: (Time is in decaauts)
 A = Elapsed time spent in this place.
 B = Non-inter-level travel time spent in this place.
 C = Inter-level travel time spent in this place.
 D = Time resting spent in this place.
 E = Time spent auto-exploring this place.
 F = Levels seen in this place.
 G = Mean time per level.
                   A        B        C        D        E       F      G
               +--------+--------+--------+--------+--------+-----+--------+
         Total |   3363 |   3252 |    111 |    183 |   2362 |   5 |  672.6 |
       Dungeon |   3363 |   3252 |    111 |    183 |   2362 |   5 |  672.6 |
               +--------+--------+--------+--------+--------+-----+--------+

Top non-repeatable levels by time:
     D:3: 874 daAuts
     D:4: 803 daAuts
     D:2: 686 daAuts
     D:1: 614 daAuts
     D:5: 385 daAuts
